 Dungeon Crawl Stone Soup version 0.27-a0-1502-g47ed6a6988 (webtiles) character file.

Game seed: 11503037773234455961

550 wesbby the Poker (level 7, 0/61 HPs)
             Began as a Minotaur Berserker on July 8, 2021.
             Was a Believer of Trog.
             Slain by a killer bee (5 damage)
             ... on level 5 of the Dungeon.
             The game lasted 00:05:45 (4193 turns).

wesbby the Poker (Minotaur Berserker)               Turns: 4193, Time: 00:05:46

Health: 0/61       AC: 14    Str: 21 (23) XL:     7   Next: 7%
Magic:  6/6        EV:  8    Int:  1 (4)  God:    Trog [**....]
Gold:   36         SH:  0    Dex:  9 (10) Spells: 6/6 levels left

rFire    . . .     SeeInvis .   a - +1 spear (freeze)
rCold    . . .     Faith    .   (no shield)
rNeg     . . .     Spirit   .   g - +0 shadow dragon scales
rPois    .         Reflect  .   (helmet restricted)
rElec    .         Harm     .   (no cloak)
rCorr    .         Rampage  .   o - +0 pair of gloves
Will     .....                  i - +0 pair of boots
Stlth    +++.......             (no amulet)
HPRegen  0.20/turn              (no ring)
MPRegen  0.10/turn              (no ring)

@: lethally poisoned (0 -> -16), about to teleport, on berserk cooldown, slowed,
very slow
A: horns 2, retaliatory headbutt
a: Renounce Religion, Berserk, Trog's Hand


You were on level 5 of the Dungeon.
You worshipped Trog.
Trog was pleased with you.
You visited 1 branch of the dungeon, and saw 5 of its levels.

You collected 36 gold pieces.

Inventory:

Hand Weapons
 a - a +1 spear of freezing (weapon)
 k - a +2 shortbow of flaming
Missiles
 d - 5 javelins (quivered)
 j - 5 atropa-tipped darts
 l - 30 arrows
Armour
 b - a +0 animal skin
 g - +0 shadow dragon scales (worn)
 i - a +0 pair of boots (worn)
 o - a +0 pair of gloves (worn)
Wands
 n - a wand of flame (23)
 v - a wand of paralysis (7)
Scrolls
 m - a scroll of teleportation
Potions
 c - 2 potions of curing
 f - 2 potions of heal wounds


   Skills:
 * Level 5.6 Fighting
 * Level 6.5 Polearms
 * Level 5.1 Armour
 + Level 2.6 Dodging
 + Level 2.0 Stealth


You had 6 spell levels left.
You didn't know any spells.
Your spell library was empty.

Dungeon Overview and Level Annotations

Branches:
Dungeon (5/15)
 Temple: D:4-7

Altars:
Fedhas


Innate Abilities, Weirdness & Mutations

You have a pair of horns on your head.
You reflexively headbutt those who attack you in melee.


Message History

The killer bee poisons you! The killer bee stings you.
Your Armour skill increases to level 5!
You have reached level 7!
You hit the killer bee. You freeze the killer bee.
The killer bee is almost dead.
You feel very sick.
The killer bee stings you but does no damage.
The killer bee stings you.
You are more poisoned.
The killer bee poisons you!
The killer bee stings you but does no damage. x2
The killer bee stings you!
The killer bee stings you but does no damage. x2
The killer bee closely misses you.
You barely miss the killer bee. Your headbutt misses the killer bee.
The killer bee is almost dead.
You feel very sick. The killer bee stings you.
* * * LOW HITPOINT WARNING * * *
The killer bee stings you.
* * * LOW HITPOINT WARNING * * *
You are lethally poisoned!
The killer bee poisons you!
The killer bee stings you but does no damage.
The killer bee barely misses you.
The killer bee stings you but does no damage. x2
The killer bee stings you.
* * * LOW HITPOINT WARNING * * *
As you read the scroll of teleportation, it crumbles to dust.
You feel strangely unstable.
* * * LOW HITPOINT WARNING * * *
You feel extremely sick.
The killer bee stings you but does no damage.
The killer bee closely misses you.
The killer bee stings you but does no damage.
The killer bee stings you.
* * * LOW HITPOINT WARNING * * *
The killer bee stings you but does no damage.
The killer bee stings you.
You die...

.......$....#.######
..#####y##.....$...
#y.<........#
####........####
........>....#
###..........#
#.........#
##..y†y...#
##.y@....# #####...#
#...# #####


You could see 3 killer bees.

Vanquished Creatures
  Grinder (D:4)
  An ice beast (D:3)
  2 killer bees (D:5)
  Ijyb (D:4)
  An iguana (D:4)
  7 adders
  2 adder skeletons (D:4)
  2 worms
  4 dart slugs
  5 bats
  5 endoplasms
  A giant cockroach (D:4)
  5 goblins
  3 hobgoblins
  6 jackals
  A quokka (D:1)
  3 ball pythons
  5 kobolds
  6 rats (D:1)
61 creatures vanquished.

Vanquished Creatures (others)
  A plant (D:3)
1 creature vanquished.

Grand Total: 62 creatures vanquished

Notes
Turn   | Place    | Note
-------+----------+-------------------------------------------
     0 | D:1      | wesbby the Minotaur Berserker began the quest for the Orb.
     0 | D:1      | Reached XP level 1. HP: 19/19 MP: 0/0
   153 | D:1      | Reached XP level 2. HP: 27/27 MP: 1/1
   162 | D:1      | Reached skill level 4 in Polearms
  1293 | D:2      | Reached XP level 3. HP: 28/34 MP: 2/2
  1815 | D:2      | Reached ** piety under Trog
  2027 | D:3      | Reached XP level 4. HP: 41/41 MP: 3/3
  2113 | D:3      | Noticed an ice beast
  2123 | D:3      | Killed an ice beast
  2124 | D:3      | Reached skill level 5 in Polearms
  2124 | D:3      | Reached XP level 5. HP: 21/47 MP: 4/4
  2505 | D:3      | Found a blossoming altar of Fedhas.
  2892 | D:3      | Reached skill level 5 in Fighting
  3031 | D:4      | Noticed Grinder
  3035 | D:4      | Reached skill level 1 in Stealth
  3040 | D:4      | Killed Grinder
  3041 | D:4      | Reached skill level 6 in Polearms
  3041 | D:4      | Reached XP level 6. HP: 56/56 MP: 5/5
  3453 | D:4      | Noticed Ijyb
  3455 | D:4      | Paralysed by Ijyb for 2 turns
  3463 | D:4      | Killed Ijyb
  4022 | D:5      | Entered Level 5 of the Dungeon
  4191 | D:5      | Reached skill level 5 in Armour
  4191 | D:5      | Reached XP level 7. HP: 39/61 MP: 6/6
  4193 | D:5      | Slain by a killer bee

Illustrated notes

Levels and vault maps discovered:
D:1:      dpeg_arrival_three_bigger_balls, layout_loops_cross
D:2:      layout_basic, chequers_hall_statues_y
D:3:      layout_loops_ring, fedhas_ov_isle_minmay, kennysheep_generic_room_3
D:4:      layout_basic, uniq_grinder, uniq_ijyb
D:5:      layout_basic, nicolae_tso_swordbearing_angel, serial_shops,
          nicolae_shop_stone, nicolae_lakefront_shop, shop, shop, shop_statue,
          chequers_serial_rivers_room_a, hex_intersection,
          minmay_fractal_squares_5, uniq_pikel

Skill      XL: |  1  2  3  4  5  6 |
---------------+-------------------+-----
Fighting       | 4 5 |  5.6
Polearms       | 4 5 6 |  6.5
Armour         | 3 4 5 |  5.1
Stealth        | 1 2 |  2.0
Dodging        | |  2.6

Action                   |  1- 3 |  4- 6 |  7- 9 || total
-------------------------+-------+-------+-------++-------
Melee: Spear             |   105 |    86 |     2 ||   193
       Headbutt          |    14 |     9 |       ||    23
Invok: Berserk           |     1 |     4 |       ||     5
  Use: Scroll            |     4 |     3 |     1 ||     8
       Potion            |     3 |     5 |       ||     8
 Stab: Sleeping          |     4 |     4 |       ||     8
       Distracted        |       |     1 |       ||     1
Armor: Animal skin       |     9 |       |       ||     9
       Shadow dragon sca |    18 |    39 |    11 ||    68
Dodge: Dodged            |    33 |    32 |     3 ||    68

Table legend: (Time is in decaauts)
 A = Elapsed time spent in this place.
 B = Non-inter-level travel time spent in this place.
 C = Inter-level travel time spent in this place.
 D = Time resting spent in this place.
 E = Time spent auto-exploring this place.
 F = Levels seen in this place.
 G = Mean time per level.
                   A        B        C        D        E       F      G
               +--------+--------+--------+--------+--------+-----+--------+
         Total |   4183 |   3658 |    525 |    401 |   2854 |   5 |  836.6 |
       Dungeon |   4183 |   3658 |    525 |    401 |   2854 |   5 |  836.6 |
               +--------+--------+--------+--------+--------+-----+--------+

Top non-repeatable levels by time:
     D:1: 1133 daAuts
     D:4: 1126 daAuts
     D:3: 1010 daAuts
     D:2: 885 daAuts
     D:5: 27 daAuts
